 Dungeon Sprint DCSS version 0.30-a0-883-g5ad918d77d (webtiles) character file.

Game seed: 1419005510871660578

179 sircluck the Covered (level 5, 0/37 HPs)
             Began as a Gargoyle Fighter on Mar 15, 2023.
             Slain by a human
             ... wielding a +0 mace
              (5 damage)
             ... in the Dungeon (Sprint III: "The Ten Rune Challenge").
             The game lasted 00:02:11 (347 turns).

sircluck the Covered (Gargoyle Fighter)              Turns: 347, Time: 00:02:12

Health: 0/37       AC: 13    Str: 21    XL:     5   Next: 59%
Magic:  5/5        EV:  9    Int:  9    God:
Gold:   38         SH:  5    Dex:  9    Spells: 4/4 levels left

rFire   . . .      SeeInvis .    a - +0 flail
rCold   . . .      Faith    .    c - +0 buckler
rNeg    + . .      Spirit   .    b - +0 scale mail
rPois   ∞          Reflect  .    (no helmet)
rElec   +          Rampage  .    n - +0 cloak
rCorr   .          NoTele   +    (no gloves)
Will    .....                    (no boots) Stlth
                                 (no amulet)
HPRegen 0.26/turn                (no ring)
MPRegen 0.09/turn                (no ring)

@: mighty
A: sickness immunity, AC +4, negative energy resistance 1, electricity
resistance, torment resistance 1, petrification resistance
a: no special abilities


You were in the Dungeon.
You visited 1 branch You collected 38 gold pieces.

Inventory:

Hand Weapons
 a - a +0 flail (weapon)
 k - a +3 dagger of venom
 m - a +4 quarterstaff of chaos
Armour
 b - a +0 scale mail (worn)
 c - a +0 buckler (worn)
 i - a +2 robe of the Archmagi
 n - a +0 cloak (worn)
Scrolls
 j - a scroll of blinking
 o - a scroll of poison {unknown}
 p - 3 scrolls of identify
 r - a scroll of torment {unknown}
Potions
 e - a potion of curing
 f - a potion of heal wounds
 g - 2 potions of haste
 h - 2 potions of magic
 l - a potion of ambrosia {unknown}
 q - 3 potions of cancellation {unknown}
 s - 4 potions of mutation


   Skills:
 + Level 6.9 Fighting
 + Level 5.1 Maces & Flails
 + Level 7.4 Armour
 + Level 0.8 Dodging
 + Level 6.6 Shields


You had 4 spell levels left.
You didn't know any spells.
Your spell library contained the following spells:

 Spells                   Type           Power      Damage    Failure   Level
 Sandblast                Erth           0%         2d4       77%         1
 Passwall                 Tmut/Erth      0%         N/A       88%         2
 Call Canine Familiar     Summ           0%         N/A       98%         3
 Portal Projectile        Hex/Tloc       0%         N/A       98%         3
 Stone Arrow              Conj/Erth      0%         3d7       98%         3
 Leda's Liquefaction      Hex/Erth       0%         N/A       100%        4


Dungeon Overview and Level Annotations

Branches:
Dungeon (1/1)

Altars:
Kikubaaqudgha
Okawaru
Sif Muna
Trog
Uskayaw
Vehumet
Wu Jian


Innate Abilities, Weirdness & Mutations

You are immune to sickness and miasma.
Your stone body is resilient. (AC +4)
You are immune to poison.
You resist negative energy. (rN+)
You are resistant to electric shocks. (rElec)
You are resistant to unholy torment.
You are immune to petrification.


Message History

You open the door.
A human comes into view.
The human shouts!
You hear a shout!
Found a scale mail.
Found five altars.
A human comes into view. It is wielding a +0 mace.
The human shouts!
The human closely misses you.
There is an open door here.
You hit the human but do no damage. The human hits you.
You hit the human.
The human is lightly wounded.
You barely miss the human.
The human is lightly wounded.
The human drinks a potion.
The human seems to grow stronger.
You barely miss the human.
The human is lightly wounded.
The human closely misses you. The human barely misses you.
You hit the human.
The human is moderately wounded.
The human drinks a potion.
The human goes berserk!
The human hits you. The human barely misses you.
The human hits you but does no damage.
You sock the human!
The human is heavily wounded.
The human hits you with a +0 mace! The human hits you.
The human barely misses you. The human attacks as you move away!
The human hits you but does no damage. You block the human's attack.
The human attacks as you move away! The human barely misses you.
The human rages.
The human closely misses you.
There is a fountain of clear blue water here.
The human attacks as you move away! The human hits you but does no damage.
The human rages.
The human hits you with a +0 mace.
There is an open door to the Ecumenical Temple here.
You feel very mighty all of a sudden. You block the human's attack.
The human hits you with a +0 mace!
* * * LOW HITPOINT WARNING * * *
You closely miss the human. The human hits you with a +0 mace.
You die...

▓▓▓▓▓▓▓▓ ▓▓▓ <..#)..#### ##.#
##### ...#......#####..#
#___# ..##.......#..#..#
#__.#
##.##.##.[.#..#..###+#'###+##
##.##.###..##'#..#..........#
#.####.##..###..@pp⌠........#
.###..##..####...#...######+#
#.....##..###....#.⌠.#
###†.##...##.....#...#
##..##....#......#'###
#..###..##.#.....#)).# #..#
#..#####....#___# ▓▓▓▓ ▓▓▓▓
▓▓▓▓▓▓▓▓▓▓


You could see 2 humans.

Vanquished Creatures
  A water elemental (D)
  Crazy Yiuf (D)
  A wizard (D)
  Jessica (D)
  A human (D)
  A kobold demonologist (D)
  3 rats (D)
9 creatures vanquished.

Notes
Turn   | Place    | Note
-------+----------+-------------------------------------------
     0 | D        | sircluck the Gargoyle Fighter began the quest for the Orb.
     0 | D        | Reached XP level 1. HP: 14/14 MP: 1/1
    24 | D        | Noticed Jessica
    38 | D        | Killed Jessica
    39 | D        | Reached skill level 5 in Armour
    39 | D        | Reached XP level 2. HP: 3/20 MP: 2/2
    39 | D        | Reached XP level 3. HP: 3/24 MP: 3/3
   133 | D        | Noticed Crazy Yiuf
   148 | D        | Reached skill level 5 in Fighting
   148 | D        | Reached skill level 5 in Shields
   149 | D        | Killed Crazy Yiuf
   150 | D        | Reached skill level 6 in Armour
   150 | D        | Reached XP level 4. HP: 9/31 MP: 4/4
   243 | D        | Noticed a water elemental
   247 | D        | Killed a water elemental
   248 | D        | Reached XP level 5. HP: 37/37 MP: 5/5
   290 | D        | Found a radiant altar of Vehumet.
   290 | D        | Found a shimmering blue altar of Sif Muna.
   290 | D        | Found an ancient bone altar of Kikubaaqudgha.
   293 | D        | Reached skill level 7 in Armour
   305 | D        | Reached skill level 5 in Maces & Flails
   331 | D        | Found a hide-covered altar of Uskayaw.
   331 | D        | Found an iron altar of Okawaru.
   331 | D        | Found a bloodstained altar of Trog.
   331 | D        | Found an ornate altar of the Wu Jian Council.
   331 | D        | Noticed a human
   332 | D        | Noticed a human
   347 | D        | Slain by a human

Illustrated notes

Levels and vault maps discovered:
D:        dungeon_sprint_mu [sprint_mu_entry_cave, sprint_mu_temple_rooms,
          sprint_mu_d1_spiders, sprint_mu_d2_genie, sprint_mu_d3_branching,
          sprint_mu_orc_legion, sprint_mu_elf_gauntlet, sprint_mu_hive_nellie,
          sprint_mu_lair_fedhas, sprint_mu_vaults_butterflies,
          sprint_mu_slime_circle, sprint_mu_swamp_cave, sprint_mu_shoals_archi,
          sprint_mu_blade_basic, sprint_mu_crypt_fortress,
          sprint_mu_tomb_spiral, sprint_mu_vestibule_basic,
          sprint_mu_gehenna_hellfire, sprint_mu_dis_giant,
          sprint_mu_tartarus_statrot, sprint_mu_cocytus_islands, sprint_mu_zot1]

Skill      XL: |  1  2  3  4  5 |
---------------+----------------+-----
Fighting       | 4 5 6 |  6.9
Armour         | 5 6 7 |  7.4
Shields        | 4 5 6 |  6.6
Maces & Flails | 3 4 5 |  5.1
Dodging        | |  0.8

Action                     |  1- 3 |  4- 6 || total
---------------------------+-------+-------++-------
  Melee: Flail             |    24 |    23 ||    47
         Dagger            |     1 |       ||     1
    Use: Potion            |       |     2 ||     2
 Armour: Scale mail        |     4 |     9 ||    13
  Dodge: Dodged            |    11 |    11 ||    22
  Block: Buckler           |     9 |     4 ||    13

Table legend: (Time is in decaauts)
 A = Elapsed time spent in this place.
 B = Non-inter-level travel time spent in this place.
 C = Inter-level travel time spent in this place.
 D = Time resting spent in this place.
 E = Time spent auto-exploring this place.
 F = Levels seen in this place.
 G = Mean time per level.
                   A        B        C        D        E       F      G
               +--------+--------+--------+--------+--------+-----+--------+
         Total |    355 |    355 |      0 |    182 |     24 |   1 |  355.0 |
       Dungeon |    355 |    355 |      0 |    182 |     24 |   1 |  355.0 |
               +--------+--------+--------+--------+--------+-----+--------+

Top non-repeatable levels by time:
       D: 355 daAuts
